 Dungeon Crawl Stone Soup version 0.29-a0-472-ge5599a681e (webtiles) character file.

Game seed: 10113280288466644281

54490 siradein the Thaumaturge (level 14, -8/110 HPs)
             Began as a Mummy Necromancer on May 23, 2022.
             Was the Champion of Kikubaaqudgha.
             Killed by divine providence
             ... invoked by an orc priest
              (9 damage)
             ... on level 2 of the Orcish Mines.
             The game lasted 01:45:53 (25747 turns).

siradein the Thaumaturge (Mummy Necromancer)       Turns: 25747, Time: 01:45:54

Health: -8/110     AC: 15    Str: 11    XL:     14   Next: 34%
Magic:  13/41      EV: 10    Int: 28    God:    Kikubaaqudgha [******]
Gold:   1816       SH: 15    Dex: 13    Spells: 1/42 levels left

rFire   x . .      SeeInvis +   w - +6 whip "siradein's Curse" {speed, Int+3}
rCold   + . .      Faith    .   a - +5 kite shield {AC+3}
rNeg    + + +      Spirit   .   J - +2 robe {Archmagi}
rPois   ∞          Reflect  .   H - +0 mask of the Dragon {Will+ Slay+3 SInv}
rElec   .          Harm     .   z - +0 cloak
rCorr   .          Rampage  .   r - +0 pair of gloves
Will    ++...      Archmagi +   f - +0 pair of boots
Stlth   ++........              D - macabre finger necklace {rN+}
HPRegen 0.28/turn               v - +4 ring of protection
MPRegen 0.27/turn               E - ring of magical power
                                G - +6 ring of intelligence

@: no status effects
A: cold resistance 1, negative energy resistance 3, torment resistance 2, heat
vulnerability 1, in touch with death 2, no potions
a: Renounce Religion, Unearth Wretches, Torment


You were on level 2 of the Orcish Mines.
You worshipped Kikubaaqudgha.
Kikubaaqudgha was exalted by your worship.
You visited 4 branches of the dungeon, and saw 21 of its levels.
You also visited: Ossuary.

You collected 2224 gold pieces.
You spent 408 gold pieces at shops.

Inventory:

Hand Weapons
 w - the +6 whip "siradein's Curse" (weapon) {speed, Int+3}
   (You found it on level 10 of the Dungeon)

   Attacks with this weapon are significantly faster.
   Int:       It affects your intelligence (+3).
Armour
 a - a +5 kite shield of protection (worn)
 f - a +0 pair of boots (worn)
 r - a +0 pair of gloves (worn)
 z - a +0 cloak (worn)
 B - the +0 scale mail of the Undertaker {Rampage Regen+ Str+2 Int+4}
   (You acquired it on level 2 of the Lair of Beasts)

   Str:       It affects your strength (+2).
   Int:       It affects your intelligence (+4).
   Regen:     It increases your rate of health regeneration.
   Rampage:   It bestows one free step when moving towards enemies.
 H - the +0 mask of the Dragon (worn) {Will+ Slay+3 SInv}
   (You found it on level 6 of the Lair of Beasts)

   Slay:      It affects your accuracy & damage with ranged weapons and melee
   (+3).
   SInv:      It lets you see invisible.
   Will:      It increases your willpower.
 J - a +2 robe of the Archmagi (worn)
Jewellery
 d - a +4 ring of slaying
 k - a +6 ring of dexterity
 n - an amulet of the acrobat
 p - an amulet of faith
 q - a ring of see invisible
 u - a +6 ring of strength
 v - a +4 ring of protection (left hand)
 A - an amulet of regeneration
 D - the macabre finger necklace (around neck) {rN+}
   (You took it off an orc on level 10 of the Dungeon)

   [amulet of nothing]

   It enables you to equip an extra ring.
   rN:        It protects you from negative energy.
 E - a ring of magical power (right hand)
 G - a +6 ring of intelligence (on amulet)
Wands
 x - a wand of charming (8)
 y - a wand of digging (14)
 F - a wand of iceblast (6)
 I - a wand of paralysis (8)
Scrolls
 b - 5 scrolls of fog
 c - 3 scrolls of enchant weapon
 e - 3 scrolls of magic mapping
 g - a scroll of brand weapon
 h - 3 scrolls of amnesia
 i - 3 scrolls of silence
 j - 7 scrolls of teleportation
 l - 3 scrolls of vulnerability
 m - 8 scrolls of immolation
 o - 6 scrolls of poison
 s - 2 scrolls of blinking
 t - 3 scrolls of fear
 C - a scroll of torment


   Skills:
 - Level 10.0 Fighting
 + Level 5.5 Armour
 - Level 1.5 Dodging
 - Level 1.5 Stealth
 + Level 8.4 Shields
 + Level 14.6 Spellcasting
 + Level 8.4 Hexes
 + Level 12.9 Necromancy
 + Level 5.1 Earth Magic


You had one spell level left.
You knew the following spells:

 Your Spells              Type           Power      Damage    Failure   Level
a - Borgnjor's Vile Clut  Necr/Erth      63%        N/A       4%          5
b - Vampiric Draining     Necr           100%       2d13      1%          3
c - Animate Dead          Necr           100%       N/A       1%          4
d - Anguish               Hex/Necr       67%        N/A       1%          4
e - Corpse Rot            Necr/Pois/Air  100%       N/A       11%         4
f - Necrotize             Necr           100%       1d9       1%          1
g - Dispel Undead         Necr           100%       3d31      1%          4
h - Passwall              Tmut/Erth      42%        N/A       3%          2
i - Simulacrum            Ice/Necr       56%        N/A       54%         6
j - Infestation           Necr           71%        N/A       90%         8

Your spell library contained the following spells:

 Spells                   Type           Power      Damage    Failure   Level
 Sandblast                Erth           100%       2d20      1%          1
 Apportation              Tloc           60%        N/A       6%          1
 Summon Small Mammal      Summ           100%       N/A       6%          1
 Ensorcelled Hibernation  Hex/Ice        100%       N/A       1%          2
 Tukima's Dance           Hex            80%        N/A       1%          3
 Cause Fear               Hex            40%        N/A       1%          4
 Agony                    Necr           100%       N/A       1%          5
 Dazzling Flash           Conj/Hex       100%       N/A       3%          3
 Inner Flame              Hex/Fire       60%        N/A       3%          3
 Portal Projectile        Hex/Tloc       100%       N/A       3%          3
 Stone Arrow              Conj/Erth      100%       3d13      6%          3
 Poisonous Vapours        Pois/Air       60%        N/A       10%         2
 Static Discharge         Conj/Air       30%        N/A       10%         2
 Silence                  Hex/Air        30%        N/A       30%         5
 Yara's Violent Unravell  Hex/Tmut       30%        3d13      30%         5
 Passage of Golubria      Tloc           30%        N/A       52%         4
 Sticky Flame             Conj/Fire      30%        2d5       52%         4
 Haunt                    Necr/Summ      56%        N/A       98%         7
 Discord                  Hex            40%        N/A       100%        8
 Lehudib's Crystal Spear  Conj/Erth      25%        10d7      100%        8
 Spider Form              Tmut/Pois      Unusable   N/A       N/A         3
 Blade Hands              Tmut           Unusable   N/A       N/A         5
 Borgnjor's Revivificati  Necr           Unusable   N/A       N/A         8
 Necromutation            Tmut/Necr      Unusable   N/A       N/A         8
 Death's Door             Necr           Unusable   N/A       N/A         9

Dungeon Overview and Level Annotations

Branches:
Dungeon (12/15)            Temple (1/1) D:5            Lair (6/6) D:8
  Swamp (0/4) Lair:3       Spider (0/4) Lair:2        Slime (0/5) Lair:5
    Orc (2/2) D:10            Elf (0/3) Orc:2       Ossuary (visited)

Altars:
Elyvilon
Gozag
Hepliaklqana
Kikubaaqudgha
Ru
Trog
Vehumet
Wu Jian
Xom
Zin
The Shining One
Beogh
Jiyva

Shops:
D:2 *   D:8 :   D:10 *   D:12 *

Annotations:
D:12 2 transporters, Taurus's ghost, journeyman MiFi
Lair:2 exclusion: 4 oklob plants


Innate Abilities, Weirdness & Mutations

You are immune to poison.
Your flesh is cold resistant. (rC+)
You are immune to negative energy. (rN+++)
You are immune to unholy pain and torment.
You are vulnerable to heat. (rF-)
You are strongly in touch with the powers of death.
You do not drink.


Message History

Your orc wizard zombie hits the orc but does no damage.
Your orc zombie hits the orc but does no damage.
Your orc zombie closely misses the orc.
Your orc zombie hits the orc but does no damage.
The orc priest calls upon Beogh to heal the orc knight.
The orc knight is healed somewhat.
The orc hits your orc zombie with a +0 short sword.
The orc knight hits your ogre zombie with a +0 war axe!!
The orc knight is wracked by anguish!!
The orc barely misses your orc zombie.
Unknown command.
You are too injured to fight recklessly!
Unknown command.
Unknown command.
Casting: Vampiric Draining (safe; 1% risk of failure)
Confirm with . or Enter, or press ? or * to list all spells.
Aiming: Vampiric Draining (safe; 1% risk of failure)
Press: ? - help, Shift-Dir - straight line, f/p - orc knight
Aim: an orc knight, wielding a +0 great sword and wearing a +0 plate armour (lightly wounded, strong, ally target)
You feel a huge surge of power!
You draw life force from the orc knight!
You feel life coursing into your body.
Your ogre zombie hits the orc knight but does no damage.
Your orc wizard zombie barely misses the orc.
Your orc zombie hits the orc.
Your orc zombie closely misses the orc.
The orc high priest mumbles some strange prayers to Beogh against you.
Beogh smites you!
* * * LOW HITPOINT WARNING * * *
The orc priest begins to cast a cantrip, but forgets the words!
The orc completely misses your orc zombie.
The orc knight hits you with a +0 great sword!
* * * LOW HITPOINT WARNING * * *
The orc knight roars a battlecry!
The orcs go into a battle-frenzy!
The orc hits your orc zombie with a +0 club.
Your orc zombie is destroyed!
The orc priest looks satisfied for a moment.
The orc priest invokes the aid of Beogh against you.
Beogh smites you!
You die...
Kikubaaqudgha rasps: "You have failed me!
Welcome... oblivion!"

.........# ##
..........# ##...
.$........##.....
..........#......
........Z.#o#.#.#
.......ZZoo.o....
........)ooooo...
........ooooooo..
.......@ZZ#o#o#.
.......[Z.#
..........#
.......)..#
..........#
..........#
.....$..###########
...........##.....##
...................#


You could see 2 orc knights, an orc high priest (strong), 5 orc priests, 8 orcs,
2 friendly orc zombies, 2 friendly orc wizard zombies and 2 friendly ogre
zombies.

Vanquished Creatures
  The ghost of Buqosi the Gelid, a journeyman BaIE of Vehumet (Lair:5)
  Snorg (Orc:2)
  A boulder beetle (Lair:3)
  3 hydras
  2 two-headed ogres
  2 death yaks (Lair:3)
  A tengu warrior (D:12)
  An orc high priest (Orc:1)
  Nergalle (D:11)
  2 bog bodies (Lair:3)
  An orc knight (D:10)
  2 manticores
  2 orc sorcerers (Orc:1)
  Maurice (D:11)
  Joseph (D:7)
  3 black mambas
  A torpor snail (Lair:3)
  9 cane toads
  An unseen horror (D:12)
  A rime drake (Lair:3)
  4 kobold demonologists (D:12)
  3 komodo dragons
  2 tyrant leeches (Lair:6)
  Grinder (D:3)
  4 trolls
  2 hornets (Lair:6)
  A polar bear (Lair:6)
  2 slime creatures (D:12)
  9 blink frogs (Lair:6)
  5 culicivoras (Lair:2)
  2 wraiths (D:11)
  A jumping spider (Lair:2)
  A vampire (D:12)
  22 yaks
  A shadow (D:10)
  3 wyverns
  A redback (Lair:2)
  6 basilisks
  7 vampire mosquitoes
  Menkaure (D:5)
  A steam dragon (D:7)
  Edmund (D:6)
  3 wargs
  11 water moccasins
  A swamp drake (D:8)
  A sky beast (D:6)
  16 orc warriors
  3 black bears
  5 ogres
  5 ice beasts
  8 wolves
  3 centaurs
  4 kobold brigands
  2 necrophages
  8 bullfrogs
  9 scorpions
  8 killer bees
  8 howler monkeys
  3 electric eels (Lair:2)
  17 orc priests
  Crazy Yiuf (D:6)
  A hound (D:7)
  3 jellies
  2 centaur zombies (Ossuary)
  A human zombie (Ossuary)
  2 gnoll shamans
  3 scorpion zombies (Ossuary)
  15 orc wizards
  2 iguanas
  3 mummies (Ossuary)
  14 gnolls
  8 adders
  2 white imps
  A worm (D:2)
  2 dart slugs (D:2)
  69 orcs
  4 bats
  14 endoplasms
  2 giant cockroaches
  3 gnoll zombies (Ossuary)
  3 goblins
  12 hobgoblins
  4 jackals (D:2)
  6 quokkas
  10 ball pythons
  A frilled lizard (D:1)
  A goblin zombie (Ossuary)
  4 hobgoblin zombies (Ossuary)
  23 kobolds
  2 kobold zombies (Ossuary)
  An orc zombie (Ossuary)
  3 rats
454 creatures vanquished.

Vanquished Creatures (collateral kills)
  A hydra (Lair:4)
  A catoblepas (Lair:2)
  A lindwurm (Lair:6)
  An ugly thing (D:12)
  A manticore (D:12)
  3 slime creatures (D:12)
  2 black mambas
  A torpor snail (Lair:4)
  7 cane toads
  A kobold demonologist (D:12)
  7 komodo dragons
  A rime drake (Lair:6)
  A tyrant leech (Lair:6)
  3 hornets
  6 blink frogs (Lair:6)
  A culicivora (Lair:2)
  A jumping spider (Lair:2)
  A wyvern (D:8)
  A wraith (D:11)
  5 yaks
  A basilisk (Lair:6)
  A water moccasin (Lair:1)
  7 wolves
  A centaur (D:9)
  2 kobold brigands (D:12)
  3 bullfrogs (Lair:6)
  A scorpion (Ossuary)
  4 killer bees (D:9)
  2 howler monkeys (D:9)
  2 electric eels (Lair:6)
  A hound (D:6)
  4 orc priests
  3 orc wizards
  A scorpion zombie (Ossuary)
  A gnoll (D:7)
  An adder (D:6)
  A shadow imp (D:7)
  26 orcs
  A bat (D:2)
  2 goblins (D:1)
  A hobgoblin (D:4)
  8 kobolds
  A ball python (D:1)
  A kobold zombie (Ossuary)
  A rat (D:3)
123 creatures vanquished.

Vanquished Creatures (others)
  Rupert (Lair:4)
  Sonja (Lair:4)
  An orc knight (Orc:1)
  A manticore zombie (D:10)
  8 orc warriors
  A komodo dragon zombie (Lair:6)
  9 yak zombies
  A troll zombie (Orc:1)
  A warg zombie (D:10)
  2 electric eels (D:10)
  4 wolf zombies (Lair:4)
  2 basilisk zombies
  7 orc priests
  An orc wizard (Orc:1)
  2 killer bee zombies (D:9)
  3 ogre zombies
  5 howler monkey zombies
  8 orcs
  2 kobold zombies (D:9)
  50 orc zombies
  52 fungi
  123 plants
285 creatures vanquished.

Grand Total: 862 creatures vanquished

Notes
Turn   | Place    | Note
-------+----------+-------------------------------------------
     0 | D:1      | siradein the Mummy Necromancer began the quest for the Orb.
     0 | D:1      | Reached XP level 1. HP: 13/13 MP: 4/4
   172 | D:1      | Reached skill level 3 in Spellcasting
   247 | D:1      | Reached XP level 2. HP: 19/19 MP: 3/6
   749 | D:1      | Gained mutation: You are in touch with the powers of death.
                  | [Mummy growth]
   749 | D:1      | Reached XP level 3. HP: 24/24 MP: 6/8
   756 | D:1      | Learned a level 3 spell: Vampiric Draining
  1091 | D:2      | Reached skill level 4 in Spellcasting
  1296 | D:2      | Reached XP level 4. HP: 30/30 MP: 3/10
  1422 | D:2      | Reached skill level 5 in Necromancy
  1805 | D:2      | Found Zuemonu's General Store.
  1813 | D:2      | Bought a scroll of identify for 26 gold pieces
  2205 | D:3      | Noticed a necrophage
  2227 | D:3      | Reached XP level 5. HP: 8/35 MP: 7/12
  2503 | D:3      | Reached skill level 5 in Spellcasting
  2657 | D:3      | Learned a level 4 spell: Animate Dead
  2980 | D:3      | Reached XP level 6. HP: 41/41 MP: 8/14
  3309 | D:3      | Noticed Grinder
  3317 | D:3      | Identified a scroll of acquirement
  3318 | D:3      | Acquired a +2 kite shield of protection
  3348 | D:3      | Paralysed by Grinder for 3 turns
  3367 | D:3      | Killed Grinder
  3368 | D:3      | Reached skill level 6 in Spellcasting
  3730 | D:4      | Reached XP level 7. HP: 46/46 MP: 12/17
  4151 | D:4      | Reached skill level 7 in Spellcasting
  4917 | D:5      | Entered Level 5 of the Dungeon
  4940 | D:5      | Found a staircase to the Ecumenical Temple.
  4953 | Temple   | Entered the Ecumenical Temple
  5035 | Temple   | Became a worshipper of Kikubaaqudgha
  5111 | D:5      | Found a sand-covered staircase.
  5116 | Ossuary  | Entered an ossuary
  5185 | Ossuary  | Reached skill level 8 in Spellcasting
  5566 | Ossuary  | Reached XP level 8. HP: 46/52 MP: 20/20
  5808 | Ossuary  | Reached * piety under Kikubaaqudgha
  5808 | Ossuary  | Received a gift from Kikubaaqudgha
  5908 | Ossuary  | Reached skill level 9 in Spellcasting
  6019 | Ossuary  | Reached skill level 1 in Fighting
  6042 | Ossuary  | Reached skill level 1 in Shields
  6321 | D:5      | Learned a level 4 spell: Anguish
  6860 | D:5      | Reached XP level 9. HP: 56/62 MP: 22/22
  6877 | D:5      | Noticed Menkaure
  6886 | D:5      | Killed Menkaure
  7224 | D:5      | Reached ** piety under Kikubaaqudgha
  7470 | D:6      | Noticed Edmund
  7479 | D:6      | Killed Edmund
  7644 | D:6      | Reached skill level 10 in Spellcasting
  8083 | D:6      | Reached skill level 1 in Hexes
  8574 | D:6      | Found a runed translucent door.
  8575 | D:6      | Noticed Crazy Yiuf
  8584 | D:6      | Killed Crazy Yiuf
  8688 | D:7      | Noticed Joseph
  8701 | D:7      | Killed Joseph
  9166 | D:7      | Reached XP level 10. HP: 73/73 MP: 24/24
 10070 | D:8      | Reached *** piety under Kikubaaqudgha
 10070 | D:8      | Received a gift from Kikubaaqudgha
 10126 | D:8      | Reached skill level 5 in Fighting
 10601 | D:8      | Found Tetue's Book Emporium.
 10738 | D:8      | Reached skill level 11 in Spellcasting
 10924 | D:8      | Found a staircase to the Lair.
 11241 | D:9      | Found a sacrificial altar of Ru.
 11430 | D:9      | Noticed a two-headed ogre
 11440 | D:9      | Killed a two-headed ogre
 11441 | D:9      | Reached skill level 10 in Necromancy
 11559 | D:9      | HP: 3/76 [killer bee (6)]
 12173 | D:9      | Reached **** piety under Kikubaaqudgha
 12182 | D:9      | Reached skill level 5 in Shields
 12772 | D:10     | Entered Level 10 of the Dungeon
 12790 | D:10     | Identified the +6 whip "siradein's Curse" {speed, Int+3}
 13030 | D:10     | Noticed a manticore
 13044 | D:10     | Killed a manticore
 13403 | D:10     | Found Vairott's General Store.
 13529 | D:10     | Bought 2 scrolls of enchant armour for 255 gold pieces
 13529 | D:10     | Bought a scroll of torment for 127 gold pieces
 13653 | D:10     | Reached XP level 11. HP: 67/82 MP: 22/26
 13744 | D:10     | Reached ***** piety under Kikubaaqudgha
 14064 | D:10     | Found a staircase to the Orcish Mines.
 14306 | D:10     | Learned a level 4 spell: Corpse Rot
 14312 | D:10     | Learned a level 5 spell: Borgnjor's Vile Clutch
 14317 | D:10     | Learned a level 4 spell: Dispel Undead
 14320 | D:10     | Learned a level 2 spell: Passwall
 14431 | D:11     | Noticed Nergalle
 14441 | D:11     | Killed Nergalle
 14442 | D:11     | Reached skill level 12 in Spellcasting
 14664 | D:11     | Identified the +1 ring mail of the Tentacled God {rCorr}
 14758 | D:11     | Noticed Maurice
 14781 | D:11     | Killed Maurice
 14782 | D:11     | Reached skill level 5 in Hexes
 15240 | Lair:1   | Entered Level 1 of the Lair of Beasts
 15247 | Lair:1   | Noticed a four-headed hydra
 15261 | Lair:1   | Killed a four-headed hydra
 15537 | Lair:1   | Found an opulent altar of Gozag.
 16646 | Lair:2   | Noticed an oklob plant
 16853 | Lair:2   | Acquired the +0 scale mail of the Undertaker {Rampage
                  | Regen+ Str+2 Int+4}
 16930 | Lair:2   | Found a hole to the Spider Nest.
 17213 | Lair:2   | Reached skill level 1 in Armour
 17355 | Lair:2   | Noticed a catoblepas
 17372 | Lair:2   | Killed a catoblepas
 17800 | Lair:2   | Noticed an oklob plant
 17800 | Lair:2   | Noticed an oklob plant
 17800 | Lair:2   | Noticed an oklob plant
 17898 | Lair:3   | Noticed a death yak
 17926 | Lair:3   | Killed a death yak
 17927 | Lair:3   | Reached XP level 12. HP: 73/92 MP: 17/28
 18019 | Lair:3   | Noticed a death yak
 18032 | Lair:3   | Killed a death yak
 18142 | Lair:3   | Reached skill level 1 in Earth Magic
 18301 | Lair:3   | Found a staircase to the Swamp.
 18311 | Lair:3   | Reached skill level 13 in Spellcasting
 18654 | Lair:3   | Identified the +9 dagger "Oleow" {antimagic, Will+}
 18681 | Lair:3   | Noticed a boulder beetle
 18690 | Lair:3   | Killed a boulder beetle
 18815 | Lair:3   | Noticed a five-headed hydra
 18825 | Lair:3   | Killed a five-headed hydra
 19608 | Lair:4   | You fall into a shaft and drop 1 floor!
 19807 | Lair:4   | Noticed Rupert
 19817 | Lair:4   | Killed Rupert
 19874 | Lair:4   | Noticed a five-headed hydra
 19884 | Lair:4   | Killed a five-headed hydra
 20307 | Lair:4   | Noticed Sonja
 20312 | Lair:4   | Killed Sonja
 20313 | Lair:4   | Gained mutation: You are strongly in touch with the powers
                  | of death. [Mummy growth]
 20313 | Lair:4   | Reached XP level 13. HP: 99/99 MP: 30/30
 20554 | Lair:5   | Found a viscous altar of Jiyva.
 20554 | Lair:5   | Found a staircase to the Slime Pits.
 20726 | Lair:5   | Found a runed translucent gate.
 20727 | Lair:5   | Found a runed translucent gate.
 20728 | Lair:5   | Found a runed translucent gate.
 21156 | Lair:5   | Noticed Buqosi's ghost (journeyman BaIE)
 21162 | Lair:5   | Killed Buqosi's ghost
 21220 | Lair:6   | Entered Level 6 of the Lair of Beasts
 21348 | Lair:6   | Reached ****** piety under Kikubaaqudgha
 21846 | Lair:6   | Received a gift from Kikubaaqudgha
 21915 | Lair:6   | Reached skill level 14 in Spellcasting
 22305 | Lair:6   | Found the +0 mask of the Dragon {Will+ Slay+3 SInv}
 23265 | D:12     | Reached skill level 5 in Armour
 23413 | D:12     | Found a transporter.
 23442 | D:12     | Noticed Taurus's ghost (journeyman MiFi)
 23450 | D:12     | Noticed a storm dragon
 23451 | D:12     | Found a transporter.
 23495 | D:12     | Reached XP level 14. HP: 107/109 MP: 4/32
 23780 | D:12     | Found Zin's Purification Station.
 24325 | Orc:1    | Entered Level 1 of the Orcish Mines
 24494 | Orc:1    | HP: 5/109 [troll[an orc knight] (6)]
 25006 | Orc:1    | Reached skill level 5 in Earth Magic
 25172 | Orc:1    | Reached skill level 10 in Fighting
 25349 | Orc:1    | Learned a level 6 spell: Simulacrum
 25358 | Orc:1    | Learned a level 8 spell: Infestation
 25405 | Orc:2    | Entered Level 2 of the Orcish Mines
 25405 | Orc:2    | Found a staircase to the Elven Halls.
 25712 | Orc:2    | Noticed Snorg
 25719 | Orc:2    | Killed Snorg
 25747 | Orc:2    | HP: 1/110 [orc knight/+0 great sword (17)]
 25747 | Orc:2    | Killed from afar by an orc priest

Illustrated notes

Levels and vault maps discovered:
D:1:      tarquinn_simple_flora_water_f, layout_basic
D:2:      layout_rooms, serial_rivers, chequers_serial_rivers_micro_e,
          chequers_serial_rivers_micro_d, chequers_serial_rivers_micro_b,
          chequers_serial_rivers_micro_e, chequers_serial_rivers_micro_c,
          chequers_serial_rivers_small_b, serial_shops, shop_fountains
D:3:      layout_loops_ring, uniq_grinder
D:4:      layout_rooms, nicolae_zen_rock_garden
D:5:      nicolae_cairo_tiling_very_big, layout_loops_cross,
          minmay_temple_entry_stoned_glass, enter_ossuary_5, uniq_menkaure
D:6:      layout_cave_pods, uniq_edmund, uniq_crazy_yiuf_cottage
D:7:      layout_layer_cave, uniq_joseph
D:8:      layout_cave_pools, erik_lair_dragon, serial_shops,
          nicolae_shop_advertising_works [nicolae_subvault_shop_adworks]
D:9:      layout_roguey [special_room_orc], mainiacjoe_overflow_catwalk,
          interstate_on_off, amcnicky_mini_rare_corridor_liquid,
          minmay_misc_feat_pillars
D:10:     layout_rooms, erik_orc_2, serial_shops, shop
D:11:     layout_rooms, uniq_nergalle, uniq_maurice
D:12:     layout_big_octagon, gammafunk_ghost_arena, zin_purify
Temple:   mainiacjoe_temple_archimedes_tessellation
Lair:1:   layout_loops_ring, basic_altar, nicolae_volcano_entry_hallway
Lair:2:   minmay_lair_oklob_chamber, layout_long_grid,
          nicolae_spider_entry_tight_spaces, chequers_serial_rivers_micro_d,
          serial_bayou_lake_a
Lair:3:   layout_cave_pods, skrybe_swamp_entry_bodies
Lair:4:   layout_gridlike, bh_autumn_forest_stairs, serial_bayou_shore_b,
          uniq_sonja, uniq_rupert
Lair:5:   layout_gridlike, slime_altar_1, ebering_ghost_rock_garden
Lair:6:   minmay_lair_end_frog_pond, layout_regular_city, dreamdust_wasp_nest
Orc:1:    layout_caves
Orc:2:    st_orc_pillars, layout_caves, nicolae_orc_lava_tube, uniq_snorg,
          uniq_donald

Skill      XL: |  1  2  3  4  5  6  7  8  9 10 11 12 13 14 |
---------------+-------------------------------------------+-----
Spellcasting   | 3 4 5 6 8 9 10 11 12 13 14 | 14.6
Necromancy     | 5 6 7 8 9 10 11 12 | 12.9
Fighting       | 2 4 6 7 8 9 10 | 10.0
Shields        | 2 3 5 6 7 8 |  8.4
Hexes          | 2 4 6 7 8 |  8.4
Armour         | 1 3 5 |  5.5
Earth Magic    | 3 4 5 |  5.1
Dodging        | |  1.5
Stealth        | |  1.5

Action                   |  1- 3 |  4- 6 |  7- 9 | 10-12 | 13-15 || total
-------------------------+-------+-------+-------+-------+-------++-------
Melee: Dagger            |    11 |    44 |   323 |       |       ||   378
       Flail             |       |       |    57 |   109 |       ||   166
       Whip              |       |       |       |   131 |   182 ||   313
Throw: Throwing net      |       |     1 |       |       |       ||     1
 Cast: Necrotize         |    76 |    80 |    64 |    16 |       ||   236
       Vampiric Draining |       |     5 |    64 |   269 |   180 ||   518
       Animate Dead      |       |       |     5 |    18 |     9 ||    32
       Anguish           |       |       |       |    12 |     6 ||    18
       Dispel Undead     |       |       |       |     8 |     7 ||    15
       Borgnjor's Vile C |       |       |       |       |    11 ||    11
Invok: Receive Forbidden |       |       |       |       |     1 ||     1
  Use: Scroll            |       |     8 |     3 |    13 |       ||    24
 Stab: Held in net/web   |       |     1 |       |       |       ||     1
       Distracted        |       |       |     4 |     2 |     4 ||    10
       Sleeping          |       |       |     1 |       |     1 ||     2
Armor: Robe              |     5 |       |       |       |     7 ||    12
       Leather armour    |       |    11 |   182 |   152 |       ||   345
       Scale mail        |       |       |       |    72 |   132 ||   204
Dodge: Dodged            |     5 |    29 |   169 |   191 |    88 ||   482
Block: Buckler           |     3 |     7 |     6 |       |       ||    16
       Kite shield       |       |     7 |   235 |   391 |   287 ||   920

Table legend: (Time is in decaauts)
 A = Elapsed time spent in this place.
 B = Non-inter-level travel time spent in this place.
 C = Inter-level travel time spent in this place.
 D = Time resting spent in this place.
 E = Time spent auto-exploring this place.
 F = Levels seen in this place.
 G = Mean time per level.
                   A        B        C        D        E       F      G
               +--------+--------+--------+--------+--------+-----+--------+
         Total |  25942 |  25056 |    886 |   1186 |  19511 |  22 | 1179.2 |
       Dungeon |  15471 |  14883 |    588 |   1066 |  11409 |  12 | 1289.2 |
        Temple |    131 |    131 |      0 |      0 |      0 |   1 |  131.0 |
          Lair |   7970 |   7684 |    286 |      5 |   6629 |   6 | 1328.3 |
  Orcish Mines |   1122 |   1111 |     11 |    102 |    759 |   2 |  561.0 |
       Ossuary |   1245 |   1245 |      0 |     13 |    713 |   1 | 1245.0 |
               +--------+--------+--------+--------+--------+-----+--------+

Top non-repeatable levels by time:
     D:9: 1879 daAuts
  Lair:6: 1831 daAuts
    D:10: 1730 daAuts
  Lair:2: 1660 daAuts
  Lair:3: 1518 daAuts
     D:3: 1462 daAuts
     D:7: 1403 daAuts
     D:2: 1384 daAuts
     D:8: 1315 daAuts
 Ossuary: 1245 daAuts
     D:6: 1220 daAuts
     D:5: 1214 daAuts
     D:4: 1124 daAuts
  Lair:4: 1116 daAuts
  Lair:1: 1039 daAuts
